 Dungeon Crawl Stone Soup version 0.30-b1-2-g02819fbbbe (webtiles) character file.

Game seed: 9335594614392745178

81 protoss039 the Digger (level 4, -2/33 HPs)
             Began as a Demonspawn Earth Elementalist on July 4, 2023.
             Slain by an orc
             ... wielding a +0 hand axe
              (4 damage)
             ... on level 3 of the Dungeon.
             The game lasted 00:05:41 (2436 turns).

protoss039 the Digger (DsEE)                        Turns: 2436, Time: 00:05:41

Health: -2/33      AC:  3    Str:  8    XL:     4   Next: 19%
Magic:  4/8        EV: 11    Int: 18    God:
Gold:   88         SH:  3    Dex: 14    Spells: 0/8 levels left

rFire   + . .        c - +0 dagger
rCold   + . .        p - +0 buckler
rNeg    . . .        a - +0 robe
rPois   +            l - +1 hat
rElec   +            (no cloak)
rCorr   +            (no gloves)
SInv    .            (no boots)
Will    .....        i - amulet of regeneration
Stlth   ++           (no ring)
HPRegen 1.05/turn    (no ring)
MPRegen 0.11/turn

%: no passive effects
@: brilliant, resistant, flying
A: powered by pain 1
a: no special abilities


You were on level 3 of the Dungeon.
You visited 1 branch of the dungeon, and saw 3 of its levels.

You collected 88 gold pieces.

Inventory:

Hand Weapons
 c - a +0 dagger (weapon)
Armour
 a - a +0 robe (worn)
 l - a +1 hat (worn)
 p - a +0 buckler (worn)
Jewellery
 i - an amulet of regeneration (around neck)
 k - a ring of resist corrosion
Scrolls
 e - a scroll of noise {unknown}
 f - a scroll of identify
 j - 3 scrolls of poison {unknown}
 n - a scroll of torment {unknown}
 o - a scroll of enchant armour {unknown}
 q - 2 scrolls of fear
 r - a scroll of immolation {unknown}
Potions
 b - a potion of magic
 g - 2 potions of mutation


   Skills:
 * Level 1.9 Fighting
 * Level 0.2 Armour
 - Level 1.7 Dodging
 - Level 1.7 Stealth
 * Level 0.0 Shields
 + Level 2.8 Spellcasting
 + Level 0.6 Conjurations
 + Level 0.9 Transmutations
 + Level 0.0 Air Magic
 + Level 3.3 Earth Magic


You couldn't memorise any spells.
You knew the following spells:

 Your Spells              Type           Power      Damage    Failure   Level
a - Sandblast             Erth           42%        2d11      7%          1
b - Passwall              Tmut/Erth      12%        N/A       17%         2
c - Stone Arrow           Conj/Erth      28%        3d8       34%         3
d - Static Discharge      Conj/Air       10%        2-3/arc   34%         2

Your spell library contained the following spells:

 Spells                   Type           Power      Damage    Failure   Level
 Petrify                  Tmut/Erth      15%        N/A       73%         4
 Airstrike                Air            1%         2d(1-17)  95%         4
 Summon Lightning Spire   Summ/Air       3%         N/A       95%         4


Dungeon Overview and Level Annotations

Branches:
Dungeon (3/15) Zot: 15527

Altars:
Cheibriados
Fedhas

Shops:
D:1 *=[   D:2 =


Innate Abilities, Weirdness & Mutations

You sometimes gain a little power by taking damage.


Message History

Something hits you.
Unknown command.
You bump into the rock wall.
The orc hits you with a +0 hand axe.
You hear some strange, mumbled words.
A magic dart appears from out of thin air!
The magic dart hits you.
Unknown command.
You hit the orc but do no damage. The orc hits you with a +0 hand axe.
Something hits you but does no damage.
Unknown command.
You completely miss something. Something hits you. The orc closely misses you.
Unknown command.
You hit something. The orc barely misses you.
Something hits you but does no damage.
Unknown command.
You hit something but do no damage. The orc hits you with a +0 hand axe.
You hear some strange, mumbled words.
A magic dart appears from out of thin air!
The magic dart hits you!
* * * LOW HITPOINT WARNING * * *
Unknown command.
It was a potion of brilliance.
You feel clever all of a sudden.
You feel less confused. The orc hits you with a +0 hand axe.
* * * LOW HITPOINT WARNING * * *
Something hits you.
* * * LOW HITPOINT WARNING * * *
Unknown command.
It was a potion of flight.
You feel very buoyant.
You fly up into the air.
Something hits you.
* * * LOW HITPOINT WARNING * * *
The orc hits you with a +0 hand axe.
* * * LOW HITPOINT WARNING * * *
Unknown command.
You feel protected. Something hits you.
* * * LOW HITPOINT WARNING * * *
The orc hits you with a +0 hand axe.
You die...

## .. ... ...
#.########.. #
##...... ... .#
#......##.# ..
#..P.P.#.?#.#
###..._...{#..#...
.....P.P..@o..<...
###$....###.#....
...# #####...# # .
...#####.....###
...##.......##
...##.......###..
................#
...##....>..#####
...##.......##


You could see an orc.

Vanquished Creatures
  2 adders (D:2)
  3 dart slugs
  2 orcs (D:3)
  3 endoplasms (D:1)
  3 giant cockroaches (D:2)
  4 goblins
  3 hobgoblins
  7 jackals (D:1)
  4 quokkas
  5 ball pythons
  4 bats
  5 frilled lizards
  4 kobolds (D:1)
  5 rats
54 creatures vanquished.

Vanquished Creatures (others)
  2 fungi (D:3)
  3 plants (D:3)
5 creatures vanquished.

Grand Total: 59 creatures vanquished

Notes
Turn   | Place    | Note
-------+----------+-------------------------------------------
     0 | D:1      | protoss039 the Demonspawn Earth Elementalist began the
                  | quest for the Orb.
     0 | D:1      | Reached XP level 1. HP: 13/13 MP: 3/3
   164 | D:1      | Gained mutation: You sometimes gain a little power by
                  | taking damage. [demonic ancestry]
   164 | D:1      | Reached XP level 2. HP: 16/20 MP: 3/5
   181 | D:1      | Reached skill level 3 in Earth Magic
   184 | D:1      | Reached skill level 1 in Fighting
   252 | D:1      | Found Nymutwace's Assorted Antiques.
   530 | D:1      | Found Fumarem's Antique Armour Emporium.
   580 | D:1      | Reached XP level 3. HP: 26/26 MP: 4/6
   901 | D:1      | Found Lairphu's Jewellery Shop.
  1356 | D:1      | Learned a level 2 spell: Passwall
  1360 | D:1      | Learned a level 3 spell: Stone Arrow
  1663 | D:2      | Found a snail-covered altar of Cheibriados.
  1996 | D:2      | Found Xidu's Jewellery Emporium.
  2002 | D:2      | Reached XP level 4. HP: 33/33 MP: 6/8
  2293 | D:2      | Learned a level 2 spell: Static Discharge
  2415 | D:3      | Found a blossoming altar of Fedhas.
  2436 | D:3      | Slain by an orc

Illustrated notes

Levels and vault maps discovered:
D:1:      amcnicky_arrival_wind_blow, layout_basic, serial_shops,
          nicolae_shop_window_shopping, shop, nicolae_shop_hallway_plus
D:2:      layout_loops_ring, basic_altar, serial_shops, shop
D:3:      layout_rooms, fedhas_altar_1,
          shapermc_ecumenical_altar_mp_urbaneastern, st_stairs_11,
          kennysheep_generic_room_5

Skill      XL: |  1  2 |
---------------+-------+-----
Earth Magic    | 3 |  3.3
Fighting       | 1 |  1.9
Armour         | |  0.2
Dodging        | |  1.7
Stealth        | |  1.7
Spellcasting   | |  2.8
Conjurations   | |  0.6
Transmutations | |  0.9

Action                     |  1- 3 |  4- 6 || total
---------------------------+-------+-------++-------
  Melee: Dagger            |    42 |     5 ||    47
         Unarmed           |     1 |       ||     1
         Punch             |     1 |       ||     1
   Cast: Sandblast         |    56 |    17 ||    73
    Use: Scroll            |       |     3 ||     3
         Potion            |       |     3 ||     3
 Armour: Robe              |    11 |     4 ||    15
  Dodge: Dodged            |    62 |     7 ||    69
  Block: Buckler           |       |     1 ||     1
